 Dungeon Crawl Stone Soup version 0.31-a0-1300-gb6740aa (webtiles) character file.

Game seed: 1206838146633143463

1850054 wqsa789 the Shapeless Draconian (level 25, 229/229 HPs)
             Began as a Red Draconian Fighter on Dec 18, 2023.
             Was an Initiate of Gozag.
             Escaped with the Orb
             ... and 3 runes!
             The game lasted 01:52:24 (55712 turns).

wqsa789 the Shapeless Draconian (DrFi)             Turns: 55712, Time: 01:52:25

Health: 229/229    AC: 15    Str: 27      XL:     25   Next: 91%
Magic:  25/25      EV: 45    Int: 12 (13) God:    Gozag
Gold:   1586       SH:  0    Dex: 13      Spells: 24/24 levels left

rFire   + .          .
                       - Unarmed
rCold   + . .        a - melded +0 buckler
rNeg    + . .        (body armour unavailable)
rPois   ∞            (helmet currently unavailable)
rElec   +            (cloak currently unavailable)
rCorr   +            (gloves currently unavailable)
SInv    .            s - melded +1 pair of boots
Will    ++...        Q - amulet of Kiucwi Cuyg {+Blink rC+ rN+ Regen+}
Stlth   +            Y - +4 ring of slaying
HPRegen 1.38/turn    D - ring of Kulusaxt {^Contam rF+ Will+ rCorr Int+3}
MPRegen 0.19/turn

%: no passive effects
@: storm-form, flying, studying Hexes
A: cleaving, insubstantial, flying, (breathe fire), AC +12, unfitting armour,
(fire resistance 1), (cold-blooded), high MP 1
0: Orb of Zot
}: 3/15 runes: decaying, serpentine, silver
a: Blinkbolt, Begin Untransformation, Renounce Religion, Evoke Blink, Potion
Petition, Call Merchant, Bribe Branch


You escaped.
You worshipped Gozag.
Gozag was most pleased with you.
You were a lightning-filled tempest!
You visited 10 branches of the dungeon, and saw 48 of its levels.
You visited 1 ziggurat, and saw 6 of its levels.
You also visited: Ossuary, Gauntlet and Desolation.

You collected 25018 gold pieces.
You spent 5755 gold pieces at shops.
You paid 17677 gold pieces to Gozag.

Inventory:

Missiles
 C - 5 throwing nets
 E - 12 curare-tipped darts
Armour
 a - a +0 buckler (melded)
 s - a +1 pair of boots (melded)
Jewellery
 D - the ring of Kulusaxt (right fist) {^Contam rF+ Will+ rCorr Int+3}
   (You bought it in a shop on level 3 of the Depths)

   [ring of protection from fire]

   Int+3:     It affects your intelligence (+3).
   rF+:       It protects you from fire.
   Will+:     It increases your willpower.
   ^Contam:   It causes magical contamination when unequipped.
   rCorr:     It protects you from acid and corrosion.
 Q - the amulet of Kiucwi Cuyg (around neck) {+Blink rC+ rN+ Regen+}
   (You bought it in a shop on level 4 of the Snake Pit)

   [amulet of regeneration]

   rC+:       It protects you from cold.
   rN+:       It protects you from negative energy.
   +Blink:    It lets you blink.
   Regen+:    It increases your rate of health regeneration.
 Y - a +4 ring of slaying (left fist)
Talismans
 T - a storm talisman (active)
Wands
 p - a wand of iceblast (35)
 w - a wand of charming (85)
 y - a wand of polymorph (9)
 I - a wand of digging (7)
 J - a wand of flame (62)
 O - a wand of light (13)
 Z - a wand of mindburst (11)
Scrolls
 c - a scroll of torment
 d - 11 scrolls of vulnerability
 f - 4 scrolls of blinking
 g - 5 scrolls of amnesia
 l - a scroll of enchant weapon
 n - 6 scrolls of teleportation
 q - 6 scrolls of poison
 u - 7 scrolls of noise
 v - a scroll of silence
 B - 10 scrolls of immolation
 L - 3 scrolls of fear
 P - a scroll of summoning
 R - 6 scrolls of fog
Potions
 b - 3 potions of invisibility
 e - 18 potions of curing
 h - 6 potions of enlightenment
 i - 3 potions of berserk rage
 k - 3 potions of lignification
 m - 8 potions of heal wounds
 r - 5 potions of ambrosia
 t - 9 potions of mutation
 x - a potion of haste
 z - 3 potions of brilliance
 A - a potion of resistance
 F - 8 potions of attraction
 K - 8 potions of magic
 X - 3 potions of cancellation
Miscellaneous
 M - a lightning rod (4/4)
 S - a phial of floods
 U - a phantom mirror


   Skills:
 + Level 19.6 Fighting
 - Level 14.2 Dodging
 - Level 3.0 Shields
 O Level 27 Unarmed Combat
 O Level 27 Shapeshifting


You had 24 spell levels left.
You didn't know any spells.
Your spell library contained the following spells:

 Spells                   Type           Power      Damage    Failure   Level
 Apportation              Tloc           0%         N/A       32%         1
 Freeze                   Ice            0%         1d3       32%         1
 Magic Dart               Conj           0%         1d3       32%         1
 Necrotise                Necr           0%         1d4       32%         1
 Sandblast                Erth           0%         2d4       32%         1
 Shock                    Conj/Air       0%         1d3       32%         1
 Slow                     Hex            0%         N/A       32%         1
 Sting                    Tmut/Pois      0%         1d3       32%         1
 Summon Small Mammal      Summ           0%         N/A       32%         1
 Blink                    Tloc           0%         N/A       45%         2
 Call Imp                 Summ           0%         N/A       45%         2
 Cigotuvi's Dreadful Rot  Necr/Pois/Air  0%         N/A       45%         2
 Ensorcelled Hibernation  Hex/Ice        0%         N/A       45%         2
 Jinxbite                 Hex            0%         N/A       45%         2
 Lesser Beckoning         Tloc           0%         N/A       45%         2
 Momentum Strike          Conj/Tloc      0%         3d8       45%         2
 Poisonous Vapours        Pois/Air       0%         N/A       45%         2
 Scorch                   Fire           0%         2d5       45%         2
 Wereblood                Tmut           0%         N/A       45%         2
 Call Canine Familiar     Summ           0%         N/A       69%         3
 Dazzling Flash           Conj/Hex       0%         N/A       69%         3
 Frozen Ramparts          Ice            0%         1d1       69%         3
 Gell's Gravitas          Tloc           0%         N/A       69%         3
 Hailstorm                Conj/Ice       0%         3d5       69%         3
 Ignite Poison            Fire/Tmut/Pois 0%         N/A       69%         3
 Inner Flame              Hex/Fire       0%         N/A       69%         3
 Mephitic Cloud           Conj/Pois/Air  0%         N/A       69%         3
 Ozocubu's Armour         Ice            0%         N/A       69%         3
 Sigil of Binding         Hex            0%         N/A       69%         3
 Summon Guardian Golem    Hex/Summ       0%         N/A       69%         3
 Swiftness                Air            0%         N/A       69%         3
 Teleport Other           Tloc           0%         N/A       69%         3
 Volatile Blastmotes      Fire/Tloc      0%         2d10      69%         3
 Airstrike                Air            0%         2d(0-16)  97%         4
 Anguish                  Hex/Necr       0%         N/A       97%         4
 Brom's Barrelling Bould  Conj/Erth      0%         2d3       97%         4
 Cause Fear               Hex            0%         N/A       97%         4
 Dimensional Bullseye     Hex/Tloc       0%         N/A       97%         4
 Dispel Undead            Necr           0%         3d6       97%         4
 Flame Wave               Conj/Fire      0%         2d4       97%         4
 Fulminant Prism          Conj/Hex       0%         3d5       97%         4
 Iskenderun's Mystic Bla  Conj/Tloc      0%         2d3       97%         4
 Leda's Liquefaction      Tmut/Erth      0%         N/A       97%         4
 Olgreb's Toxic Radiance  Pois           0%         N/A       97%         4
 Petrify                  Tmut/Erth      0%         N/A       97%         4
 Sticky Flame             Conj/Fire      0%         2d3       97%         4
 Summon Ice Beast         Ice/Summ       0%         N/A       97%         4
 Summon Lightning Spire   Summ/Air       0%         N/A       97%         4
 Vhi's Electric Charge    Tloc/Air       0%         N/A       97%         4
 Agony                    Necr           0%         N/A       100%        5
 Alistair's Intoxication  Tmut/Pois      0%         N/A       100%        5
 Borgnjor's Vile Clutch   Necr/Erth      0%         N/A       100%        5
 Fireball                 Conj/Fire      0%         3d3       100%        5
 Freezing Cloud           Conj/Ice/Air   0%         6-21      100%        5
 Irradiate                Conj/Tmut      0%         3d11      100%        5
 Iskenderun's Battlesphe  Conj           0%         2d6       100%        5
 Lee's Rapid Deconstruct  Erth           0%         3d4*      100%        5
 Metabolic Englaciation   Hex/Ice        0%         N/A       100%        5
 Silence                  Hex/Air        0%         N/A       100%        5
 Summon Forest            Summ/Tloc      0%         N/A       100%        5
 Summon Mana Viper        Hex/Summ       0%         N/A       100%        5
 Conjure Ball Lightning   Conj/Air       0%         3x3d6     100%        6
 Eringya's Noxious Bog    Tmut/Pois      0%         4d6       100%        6
 Plasma Beam              Fire/Air       0%         2x1d10    100%        6
 Summon Cactus Giant      Summ           0%         N/A       100%        6
 Enfeeble                 Hex            0%         N/A       100%        7
 Malign Gateway           Summ/Tloc      0%         N/A       100%        7
 Monstrous Menagerie      Summ           0%         N/A       100%        7
 Orb of Destruction       Conj           0%         9d5       100%        7
 Ozocubu's Refrigeration  Ice            0%         4d7       100%        7
 Summon Hydra             Summ           0%         N/A       100%        7
 Discord                  Hex            0%         N/A       100%        8
 Maxwell's Capacitive Co  Air            0%         ∞         100%        8
 Summon Horrible Things   Summ           0%         N/A       100%        8
 Death's Door             Necr           0%         N/A       100%        9
 Dragon's Call            Summ           0%         N/A       100%        9
 Sublimation of Blood     Necr           Unusable   N/A       N/A         2
 Animate Armour           Summ/Erth      Unusable   N/A       N/A         4

Dungeon Overview and Level Annotations

Branches:
Dungeon (15/15)            Temple (1/1) D:4            Lair (5/5) D:10
  Swamp (4/4) Lair:3        Snake (4/4) Lair:2        Slime (0/5) Lair:4
    Orc (2/2) D:11            Elf (3/3) Orc:2        Vaults (5/5) D:14
  Crypt (0/3) Vaults:2     Depths (4/4) D:15            Zot (5/5) Depths:4
Ossuary (visited)         Desolation (visited)      Gauntlet (visited)

Altars:
Ashenzari
Cheibriados
Dithmenos
Elyvilon
Fedhas
Gozag
Hepliaklqana
Kikubaaqudgha
Makhleb
Nemelex Xobeh
Okawaru
Qazlal
Ru
Sif Muna
Trog
Uskayaw
Vehumet
Wu Jian
Xom
Yredelemnul
Zin
The Shining One

Shops:
D:10 *   D:12 =   D:13 !   Orc:1 *   Orc:2 ??:(   Elf:2 [   Lair:2 =   Lair:5 ?
Swamp:3 ?   Snake:1 *   Snake:2 (   Snake:3 [   Snake:4 =   Vaults:1 (
Vaults:3 [   Vaults:5 *   Depths:1 =   Depths:3 :=:

Portals:
Hell: Depths:1 Depths:2 Depths:3 Depths:4
Abyss: Depths:3 Depths:4
Pandemonium: Orc:2 Depths:2 Depths:4

Annotations:
D:3 2 transporters, Ozzieoiler's ghost, amateur DjFE
Lair:2 exclusion: oklob plant
Lair:3 exclusion: oklob plant
Snake:3 Mara
Elf:1 1 runed translucent door
Elf:2 3 runed translucent doors
Vaults:4 1 runed translucent door, Ycago's ghost, veteran GrGl
Depths:3 2 runed translucent doors


Innate Abilities, Weirdness & Mutations

You are a lightning-filled tempest!
Your electrical attacks strike out in all directions at once.
You are incredibly evasive.
Your insubstantial body is immune to petrification, constriction, and being set on fire You are flying.
Your armour is entirely melded.
You are incapable of wielding weapons or throwing items.
((You can breathe blasts of fire.))
((Your fiery red scales are hard. (AC +12)))
You cannot fit into any form of body armour.
You are immune to poison.
((Your flesh is heat resistant. (rF+)))
((You are cold-blooded and may be slowed by cold attacks.))
You have an increased reservoir of magic. (+10% MP)


Message History

There is a stone staircase leading up here.
You fly upwards.
There is a stone staircase leading down here.
There is an open door here.
There is an open door here.
An Executioner comes into view.
The Executioner moves out of view.
There is an escape hatch in the ceiling here.
A mysterious force pulls you upwards. The hatch slams shut behind you.
What level of the Dungeon? (default 1, ? - help)
You see here 5 stones.
There is a stone staircase leading up here.
You fly upwards.
There is a stone staircase leading down here.
You reach down and open the door.
There is an open door here.
There is a stone staircase leading up here.
You fly upwards.
Level annotation: 2 transporters, Ozzieoiler's ghost, amateur DjFE
There is a stone staircase leading down here.
There is a stone staircase leading up here.
You fly upwards.
A Tumnymit and a neqoxec come into view.
There is a stone staircase leading down here.
Blink to where?
Press: ? - help, Q - select action, (/) - cycle Dir - move target
As you read the scroll of blinking, it crumbles to dust.
The neqoxec shouts!
Tumnymit moves out of view.
You fly upwards.
There is a stone staircase leading down here.
What level of the Dungeon? (default 1, ? - help) You're already here!
What level of the Dungeon? (default 1, ? - help) You're already here!
Unknown command.
You reach down and open the door.
There is an open door here.
There is a staircase leading out of the dungeon here.
You have escaped!

#.......#........#....##
#.......###......#.....#
#.......# ##...........##
#.......########'#####..####
...........#.........#.....#
#.......##.#.........#.....#
##...#######..⌠...⌠..#.....#
#...## ###.........#.....# )...#
#.'....v....+...###
#)########.#..X......#....###
#..........#..⌠...⌠..#..#...###
.(.........#.........#..###...###
#..........#.........#...#.......
#..........#####+#####...........
#...........#..........#.#.......
#.###.######..##########.#.......
...##........## #.#.......


You could see an Orb Guardian.

Vanquished Creatures
  An ancient lich (Zot:5)
  Tiamat (Zot:3)
  Sojobo (Depths:3)
  Vv (Depths:3)
  2 Killer Klowns (Zot:2)
  A caustic shrike (Zig:6)
  A pandemonium lord (Zig:2)
  A curse toe (Zot:2)
  8 golden dragons
  5 electric golems
  A bone dragon (Swamp:4)
  A walking crystal tome (Depths:3)
  An Ice Fiend (Zig:4)
  3 liches
  An iron giant (Zig:6)
  3 tentacled monstrosities
  3 titans
  2 walking earthen tomes
  9 Orb Guardians (Zot:5)
  Jorgrun (D:13)
  2 Hell Sentinels
  A deep elf blademaster (Elf:3)
  3 quicksilver dragons
  A deep elf master archer (Elf:3)
  7 sphinxes
  5 death cobs
  Frances (D:13)
  5 storm dragons
  Kirke (Elf:1)
  6 shadow dragons
  2 fenstrider witches
  12 tengu reavers
  Aizul (Snake:1)
  6 nagarajas (Snake:4)
  Roxanne (D:14)
  4 draconian monks
  6 draconian knights
  2 quicksilver elementals
  13 frost giants
  4 fire giants
  An imperial myrmidon (Desolation)
  17 vault wardens
  An iron dragon (Zig:5)
  4 draconian shifters
  2 deep elf elementalists (Elf:3)
  3 draconian scorchers
  2 cacodemons
  14 deep elf sorcerers
  A ghost moth (Zot:5)
  25 very ugly things
  2 draconian stormcallers
  A spriggan defender (Depths:3)
  A reaper (Depths:2)
  4 angels (Zot:2)
  4 draconian annihilators
  A formless jellyfish (Vaults:4)
  2 war gargoyles
  3 orc warlords
  11 stone giants
  20 ironbound preservers
  8 green draconians
  6 ironbound thunderhulks
  5 eleionomae
  4 deep elf death magi
  11 yellow draconians
  4 dire elephants
  6 deep elf demonologists
  11 black draconians
  2 spark wasps (Depths:1)
  10 deep elf annihilators
  A minotaur (Gauntlet)
  11 red draconians
  6 white draconians
  4 halazid warlocks (Desolation)
  2 iron golems
  5 bunyips (Swamp:1)
  12 purple draconians
  Snorg (Lair:4)
  Josephine (D:12)
  3 fire dragons
  10 ettins
  5 crystal guardians
  4 ragged hierophants (Desolation)
  4 entropy weavers
  12 yaktaur captains
  5 deep elf high priests
  A shambling mangrove (Zig:3)
  A demonspawn (Orc:2)
  4 salamander tyrants (Snake:4)
  Harold (D:9)
  An ogre mage (D:15)
  12 servants of whispers (Desolation)
  3 spriggan air magi
  8 alligators
  9 great orbs of eyes
  3 rakshasas
  Fannar (Lair:3)
  10 peacekeepers
  20 vault guards
  4 boulder beetles
  3 ice dragons
  10 hydras
  9 ironbound frosthearts
  2 ghost crabs
  2 death knights (Vaults:2)
  11 centaur warriors
  10 anacondas
  A two-headed ogre (shapeshifter) (Zot:2)
  A sphinx zombie (D:15)
  7 naga warriors
  4 two-headed ogres
  12 death yaks
  9 deep troll earth magi
  10 dancing weapons
  3 spriggan berserkers
  6 tengu warriors
  4 orc high priests (Orc:2)
  7 deep troll shamans
  A vampire mage (Depths:1)
  11 naga sharpshooters
  3 occultists
  A demonic crawler (Zot:2)
  Nergalle (D:12)
  A storm dragon zombie (D:15)
  13 deep elf knights
  3 sun demons
  A crystal echidna (Zig:6)
  Sonja (Orc:2)
  19 hell knights
  Lodul (D:13)
  2 shock serpents
  A soul eater (Depths:2)
  7 skeletal warriors
  9 iron trolls
  6 salamander mystics
  3 sixfirhies
  2 skysharks (Lair:5)
  3 goliath frogs
  A death drake (shapeshifter) (Vaults:2)
  A shadow demon (Zig:2)
  3 flayed ghosts
  2 glowing orange brains
  A spriggan druid (Swamp:3)
  22 ironbound convokers
  54 deep trolls
  10 deep elf archers
  8 swamp dragons
  11 lindwurms
  4 naga ritualists
  5 harpies
  3 phantasmal warriors
  A harpy (shapeshifter) (Depths:1)
  2 spectral hydras (Swamp:4)
  Pikel (D:4)
  6 bog bodies
  30 deep elf zephyrmancers
  3 arcanists
  10 necromancers
  28 deep elf pyromancers
  A wolf spider (Lair:2)
  8 mana vipers
  45 ugly things
  5 alligator zombies (Swamp:4)
  An oklob plant (Lair:4)
  A faun (Lair:4)
  11 salamanders
  5 manticores
  10 cyclopes
  A stone giant zombie (Vaults:5)
  11 orc knights
  A cyclops (shapeshifter) (Vaults:5)
  A shining eye (shapeshifter) (Vaults:5)
  12 moths of wrath
  Maurice (D:11)
  4 will-o-the-wisps
  10 orc sorcerers
  A faun (shapeshifter) (Vaults:5)
  A fire giant zombie (Vaults:5)
  An elephant (Gauntlet)
  9 guardian serpents
  A tengu skeleton (Vaults:1)
  3 kobold blastminers
  A rust devil (D:13)
  An elf zombie (Vaults:1)
  An ice statue (Elf:2)
  9 cane toads
  Joseph (D:7)
  9 vault sentinels
  A torpor snail (Lair:1)
  A water nymph (shapeshifter) (Vaults:5)
  31 black mambas
  20 naga magi
  A human zombie (Vaults:5)
  6 gargoyles
  2 orange demons (D:13)
  A yaktaur zombie (Vaults:1)
  Maggie (D:7)
  3 swamp worm zombies (Swamp:4)
  2 kobold demonologists
  12 komodo dragons
  3 efreet
  28 yaktaurs
  A komodo dragon (shapeshifter) (Vaults:2)
  Jeremiah (D:6)
  4 hellions
  5 rime drakes
  2 freezing wraiths
  2 ice devils (Orc:2)
  A tormentor (Depths:2)
  2 tengu conjurers
  A red devil (D:13)
  A hellwing (D:13)
  8 trolls
  11 hornets
  3 hydra zombies (Swamp:4)
  3 bloated husks (Swamp:4)
  55 saltlings (Desolation)
  3 polar bears
  A tarantella (shapeshifter) (D:15)
  3 meliai (D:15)
  A meliai (shapeshifter) (D:15)
  A polar bear (shapeshifter) (Elf:1)
  38 blink frogs
  6 tyrant leeches
  A frost giant simulacrum (Zig:4)
  3 spectral swamp dragons (Swamp:4)
  4 glass eyes
  39 slime creatures
  A raiju (shapeshifter) (Elf:2)
  5 dream sheep (Lair:4)
  A fire giant simulacrum (Zig:4)
  Sigmund (D:6)
  A centaur simulacrum (D:14)
  39 yaks
  A spriggan zombie (D:15)
  2 water elementals
  10 wyverns
  6 air elementals
  A ynoxinul (Orc:2)
  10 spriggans
  A hog (shapeshifter) (D:10)
  5 wraiths
  3 vampires
  6 hogs (Elf:1)
  19 humans (D:14)
  6 basilisks
  4 fire elementals
  7 vampire mosquitoes
  7 wargs
  2 steam dragons
  2 redbacks (Vaults:4)
  11 swamp worms
  43 nagas
  13 water moccasins
  2 hell hounds (Gauntlet)
  4 acid dragons
  40 orc warriors
  An ice beast (D:6)
  A black bear (D:7)
  2 sky beasts
  4 boggarts
  12 ogres
  4 swamp drakes
  4 centaurs
  31 wolves
  4 swamp dragon zombies (Swamp:4)
  4 lemures (D:4)
  4 phantoms
  4 kobold brigands
  11 bullfrogs
  3 earth elementals
  2 human simulacra (Vaults:1)
  2 scorpions
  6 water moccasin zombies (Ossuary)
  8 wights
  11 killer bees
  3 howler monkeys
  A hound (D:6)
  22 orc priests
  16 orc wizards
  6 iguanas
  A spectral swamp drake (Swamp:4)
  3 crocodile zombies (Ossuary)
  2 mummies (Ossuary)
  2 adders
  2 swamp drake zombies (Swamp:4)
  4 white imps
  3 ufetubi
  4 adder zombies (Ossuary)
  A worm (D:3)
  2 dart slugs
  63 orcs
  A ball python (D:1)
  5 bats
  6 endoplasms
  A giant cockroach (D:4)
  4 gnoll zombies (Ossuary)
  4 goblins (D:1)
  4 hobgoblins (D:1)
  8 jackals
  2 quokkas
  6 frilled lizards
  3 hobgoblin zombies (Ossuary)
  14 kobolds
  5 kobold zombies (Ossuary)
  4 orc zombies (Ossuary)
  4 rats
1941 creatures vanquished.

Vanquished Creatures (collateral kills)
  A tentacled monstrosity (Vaults:5)
  A lich (Vaults:5)
  A deep elf blademaster (Elf:3)
  A sphinx (Vaults:5)
  A tengu reaver (Vaults:5)
  A fire giant (Vaults:5)
  A deep elf elementalist (Elf:3)
  2 ironbound preservers (Vaults:5)
  2 stone giants (Vaults:5)
  Nessos (D:12)
  A deep elf annihilator (Vaults:5)
  A deep elf demonologist (Elf:3)
  2 ettins (Vaults:5)
  A yaktaur captain (Vaults:5)
  A deep elf high priest (Vaults:5)
  2 vault guards (Vaults:5)
  A dancing weapon (Elf:3)
  A deep troll (Vaults:5)
  An ironbound convoker (Vaults:5)
  A necromancer (Vaults:5)
  3 vault sentinels (Vaults:5)
  A human (D:14)
  A swamp worm (shapeshifter) (Vaults:5)
  A phantom (Swamp:4)
30 creatures vanquished.

Vanquished Creatures (others)
  An ancient lich (Vaults:5)
  2 orbs of fire (Zot:5)
  3 Killer Klowns (Zot:5)
  A golden dragon (Zot:5)
  8 Orb Guardians (Zot:5)
  A lich (Vaults:5)
  A titan (Vaults:5)
  A death cob (Zot:5)
  A storm dragon (Zot:5)
  A shadow dragon (Vaults:5)
  3 fire giants (Vaults:5)
  A frost giant (Vaults:5)
  2 vault wardens (Vaults:5)
  An ironbound preserver (Vaults:5)
  A war gargoyle (Vaults:5)
  2 stone giants (Vaults:5)
  2 ettins (Vaults:5)
  A deep elf high priest (Vaults:5)
  A yaktaur captain (Vaults:5)
  9 vault guards (Vaults:5)
  A phantasmal warrior (Swamp:4)
  An alligator zombie (Swamp:4)
  A deep elf zephyrmancer (Elf:3)
  A rime drake (shapeshifter) (Vaults:5)
  A freezing wraith (Vaults:5)
  5 bloated husks
  A hornet (Swamp:1)
  A vampire mosquito (Swamp:4)
  A phantom (Swamp:4)
  An ufetubus (D:7)
  10 foxfires
67 creatures vanquished.

Grand Total: 2038 creatures vanquished

Notes
Turn   | Place    | Note
-------+----------+-------------------------------------------
     0 | D:1      | wqsa789 the Draconian Fighter began the quest for the Orb.
     0 | D:1      | Reached XP level 1. HP: 19/19 MP: 1/1
    69 | D:1      | Reached XP level 2. HP: 19/26 MP: 2/2
   460 | D:1      | Reached XP level 3. HP: 31/31 MP: 3/3
  1333 | D:3      | Identified the +1 giant spiked club of Fury {elec, rC+
                  | Int-2 SInv Stlth+}
  1333 | D:3      | Noticed an ogre
  1406 | D:3      | Reached XP level 4. HP: 14/38 MP: 4/4
  1681 | D:3      | Found a transporter.
  1681 | D:3      | Found a transporter.
  1682 | D:3      | Noticed Ozzieoiler's ghost (amateur DjFE)
  1703 | D:3      | Noticed an ogre
  1735 | D:3      | Found a faded altar of an unknown god.
  2039 | D:4      | Found a staircase to the Ecumenical Temple.
  2079 | Temple   | Entered the Ecumenical Temple
  2089 | D:4      | Noticed Pikel
  2089 | D:4      | Noticed a lemure
  2089 | D:4      | Noticed a lemure
  2089 | D:4      | Noticed a lemure
  2089 | D:4      | Noticed a lemure
  2156 | D:4      | Noticed a scorpion
  2167 | D:4      | Killed a scorpion
  2168 | D:4      | Reached XP level 5. HP: 44/45 MP: 5/5
  2225 | D:4      | Found a sand-covered staircase.
  2240 | Ossuary  | Entered an ossuary
  2311 | Ossuary  | Reached XP level 6. HP: 51/51 MP: 6/6
  2447 | Ossuary  | Reached skill level 5 in Shapeshifting
  2468 | Ossuary  | Your scales start taking on a fiery red colour.
  2468 | Ossuary  | Reached XP level 7. HP: 36/57 MP: 7/7
  2468 | Ossuary  | Gained mutation: Your flesh is heat resistant. (rF+) [Red
                  | Draconian growth]
  2932 | D:4      | Killed Pikel
  2933 | D:4      | Reached XP level 8. HP: 40/63 MP: 8/8
  3323 | D:5      | Entered Level 5 of the Dungeon
  3590 | D:5      | Identified the amulet "Ukucot" {Acrobat -Tele Harm ^Fragile
                  | Int+5}
  3680 | D:5      | Found an ornate altar of the Wu Jian Council.
  4104 | D:6      | Noticed Sigmund
  4114 | D:6      | Killed Sigmund
  4237 | D:6      | Noticed Jeremiah
  4293 | D:6      | Killed Jeremiah
  4294 | D:6      | Reached skill level 10 in Shapeshifting
  4294 | D:6      | Reached XP level 9. HP: 58/70 MP: 9/9
  4545 | D:6      | Reached skill level 5 in Unarmed Combat
  5052 | D:7      | Reached skill level 5 in Fighting
  5073 | D:7      | Paralysed by a hornet for 2 turns
  5320 | D:7      | Noticed Maggie
  5335 | D:7      | Killed Maggie
  5471 | D:7      | Noticed a kobold demonologist
  5539 | D:7      | Killed a kobold demonologist
  5667 | D:7      | Noticed Joseph
  5674 | D:7      | Killed Joseph
  5675 | D:7      | Reached XP level 10. HP: 77/86 MP: 10/10
  6143 | D:7      | Found a shimmering blue altar of Sif Muna.
  6173 | D:7      | Got Sif Muna's Quarto of the Congregated Tundra
  6178 | D:7      | Found a bloodstained altar of Trog.
  7451 | D:9      | Noticed Harold
  7465 | D:9      | Killed Harold
  7580 | D:9      | Found a hazy altar of Hepliaklqana.
  7581 | D:9      | Found an opulent altar of Gozag.
  7586 | D:9      | Found a white marble altar of Elyvilon.
  7586 | D:9      | Found a sparkling altar of Nemelex Xobeh.
  7586 | D:9      | Found a blossoming altar of Fedhas.
  7587 | D:9      | Found a basalt altar of Yredelemnul.
  7593 | D:9      | Became a worshipper of Gozag Ym Sagoz the Greedy
  7922 | D:9      | Reached skill level 10 in Unarmed Combat
  8480 | D:10     | Entered Level 10 of the Dungeon
  8503 | D:10     | Found a burning altar of Makhleb.
  8550 | D:10     | Reached XP level 11. HP: 61/97 MP: 11/11
  8552 | D:10     | Noticed a two-headed ogre
  8569 | D:10     | Killed a two-headed ogre
  8817 | D:10     | Noticed a centaur warrior
  8828 | D:10     | Killed a centaur warrior
  9100 | D:10     | Noticed an orc knight
  9376 | D:10     | Noticed a six-headed hydra
  9384 | D:10     | Killed a six-headed hydra
  9620 | D:10     | Killed an orc knight
 10100 | D:10     | Found a staircase to the Lair.
 10305 | D:11     | Noticed a centaur warrior
 10311 | D:11     | Killed a centaur warrior
 10332 | D:11     | Noticed a cyan ugly thing
 10339 | D:11     | Killed a cyan ugly thing
 10339 | D:11     | Noticed a rakshasa
 10351 | D:11     | Killed a rakshasa
 10370 | D:11     | Reached XP level 12. HP: 77/104 MP: 12/12
 10573 | D:11     | Found a staircase to the Orcish Mines.
 10674 | D:11     | Noticed Maurice
 10689 | D:11     | Killed Maurice
 11373 | D:10     | Bought a lightning rod (4/4) for 600 gold pieces
 11419 | Orc:1    | Entered Level 1 of the Orcish Mines
 11453 | Orc:1    | Noticed an orc warlord
 11632 | Orc:1    | Killed an orc warlord
 11646 | Orc:1    | Noticed an orc warlord
 12149 | Orc:1    | Killed an orc warlord
 12482 | Orc:1    | Found Muyffon's General Store.
 12497 | Orc:1    | Bought a scroll of revelation for 105 gold pieces
 12497 | Orc:1    | Bought a scroll of identify for 28 gold pieces
 12497 | Orc:1    | Bought a scroll of identify for 28 gold pieces
 12729 | Orc:2    | Entered Level 2 of the Orcish Mines
 12828 | Orc:2    | Noticed an ettin
 12854 | Orc:2    | Killed an ettin
 14250 | Orc:2    | Reached XP level 13. HP: 111/111 MP: 13/13
 14260 | Orc:2    | Found Tuptiu's Magic Scroll Shop.
 14362 | Orc:2    | Found Nedoh's Magic Scroll Boutique.
 14569 | Orc:2    | Bought a scroll of teleportation for 51 gold pieces
 14569 | Orc:2    | Bought a scroll of blinking for 127 gold pieces
 14569 | Orc:2    | Bought a scroll of teleportation for 51 gold pieces
 14569 | Orc:2    | Bought a scroll of blinking for 127 gold pieces
 14571 | Orc:2    | Bought a scroll of blinking for 112 gold pieces
 14571 | Orc:2    | Bought a scroll of teleportation for 45 gold pieces
 14571 | Orc:2    | Bought a scroll of fear for 60 gold pieces
 14571 | Orc:2    | Bought a scroll of immolation for 60 gold pieces
 14582 | Orc:2    | Noticed Sonja
 14586 | Orc:2    | Killed Sonja
 14643 | Orc:2    | Found a staircase to the Elven Halls.
 14767 | Orc:2    | Reached skill level 15 in Unarmed Combat
 15550 | Orc:2    | Found Ylyh's Book Shoppe.
 15550 | Orc:2    | Found a one-way gate leading to the halls of Pandemonium.
 15550 | Orc:2    | Found Siris's Antique Weapon Emporium.
 15708 | Lair:1   | Entered Level 1 of the Lair of Beasts
 16845 | Lair:2   | Reached skill level 15 in Shapeshifting
 16878 | Lair:2   | Identified the +3 leather armour of Feasting {*Slow Str+7}
 16962 | Lair:2   | Reached XP level 14. HP: 62/118 MP: 14/14
 17508 | Lair:2   | Found a staircase to the Snake Pit.
 18333 | Lair:2   | Bought an amulet of regeneration for 450 gold pieces
 18478 | Lair:3   | Noticed Fannar
 18490 | Lair:3   | Killed Fannar
 18685 | Lair:3   | Found a staircase to the Swamp.
 19326 | Lair:4   | Noticed Snorg
 19341 | Lair:4   | Killed Snorg
 20114 | Lair:4   | Found a staircase to the Slime Pits.
 20261 | Lair:5   | Entered Level 5 of the Lair of Beasts
 20394 | Lair:5   | Found a gate leading to a gauntlet.
 20417 | Gauntlet | Entered a Gauntlet
 20417 | Gauntlet | Found a transporter.
 20417 | Gauntlet | Found a transporter.
 20417 | Gauntlet | Found a transporter.
 20532 | Gauntlet | Found a transporter.
 20542 | Gauntlet | Found a transporter.
 20565 | Gauntlet | Found the +3 pair of gauntlets of War {Slay+5}
 20609 | Gauntlet | Found a transporter.
 20622 | Gauntlet | Found a transporter.
 20636 | Gauntlet | Found a transporter.
 20647 | Gauntlet | Found a transporter.
 20663 | Gauntlet | Found a transporter.
 20670 | Gauntlet | Found a transporter.
 20693 | Gauntlet | Found a transporter.
 21167 | Gauntlet | Identified the staff "Pyfivo" {rN+ MP+9 Str+5 Int+4 Necro}
 21168 | Gauntlet | Got the Exposition on Enchanting Vapour
 21335 | Lair:5   | Bought a scroll of poison for 48 gold pieces
 21335 | Lair:5   | Bought 3 scrolls of immolation for 144 gold pieces
 21335 | Lair:5   | Bought a scroll of teleportation for 36 gold pieces
 21380 | Lair:5   | Reached XP level 15. HP: 118/124 MP: 15/15
 21544 | Lair:5   | Found the +8 Vampire's Tooth {megavamp}
 22620 | D:12     | Noticed Nergalle
 22624 | D:12     | Killed Nergalle
 22775 | D:12     | Noticed Josephine
 22784 | D:12     | Killed Josephine
 23115 | D:12     | Noticed Nessos
 23122 | D:12     | Killed Nessos
 23186 | D:12     | Reached skill level 10 in Fighting
 23689 | D:13     | Noticed Lodul
 24043 | D:13     | Noticed Jorgrun
 24066 | D:13     | Noticed Frances
 24093 | D:13     | Killed Frances
 24551 | D:13     | Killed Jorgrun
 24634 | D:13     | Killed Lodul
 24911 | D:12     | Bought a storm talisman for 1360 gold pieces
 25122 | D:13     | Found Yttysuist's Distillery.
 25127 | D:13     | Bought a potion of heal wounds for 65 gold pieces
 25526 | D:13     | Gained mutation: You have an increased reservoir of magic.
                  | (+10% MP) [potion of mutation]
 25729 | D:14     | Found a gate to the Vaults.
 25766 | D:14     | Identified the +5 sling "Cunluk" {freeze, ^Contam rPois
                  | rCorr Str+3}
 25818 | D:14     | Reached XP level 16. HP: 101/134 MP: 17/17
 26394 | D:14     | Noticed Roxanne
 26423 | D:14     | Killed Roxanne
 26790 | D:14     | Found a shimmering blue altar of Sif Muna.
 26975 | D:15     | Entered Level 15 of the Dungeon
 27062 | D:15     | Found a staircase to the Depths.
 27300 | D:15     | Found a sparkling altar of Nemelex Xobeh.
 28677 | Swamp:1  | Entered Level 1 of the Swamp
 30591 | Swamp:3  | Reached XP level 17. HP: 149/149 MP: 18/18
 31060 | Swamp:3  | Bought a scroll of blinking for 112 gold pieces
 31060 | Swamp:3  | Bought a scroll of summoning for 142 gold pieces
 31060 | Swamp:3  | Bought a scroll of fog for 60 gold pieces
 31077 | Swamp:4  | Entered Level 4 of the Swamp
 31082 | Swamp:4  | Identified a scroll of acquirement
 31083 | Swamp:4  | Acquired 1317 gold pieces
 31495 | Swamp:4  | Noticed a bone dragon
 31512 | Swamp:4  | Killed a bone dragon
 31718 | Swamp:4  | Got a decaying rune of Zot
 32009 | Snake:1  | Entered Level 1 of the Snake Pit
 32302 | Snake:1  | Identified the serpent talisman "Jibogodi" {Will+ rCorr
                  | Str+3}
 32302 | Snake:1  | Noticed Aizul
 32310 | Snake:1  | Killed Aizul
 32663 | Snake:2  | Found Goibba's Antique Weapon Shop.
 34188 | Snake:3  | Noticed Mara
 34189 | Snake:3  | Noticed wqsa789's illusion
 34416 | Snake:4  | Entered Level 4 of the Snake Pit
 34638 | Snake:4  | Bought the amulet of Kiucwi Cuyg {+Blink rC+ rN+ Regen+}
                  | for 662 gold pieces
 34788 | Snake:4  | Reached XP level 18. HP: 162/162 MP: 19/19
 35081 | Snake:4  | Got a serpentine rune of Zot
 35213 | Snake:4  | Bought the ring of Cyrch {Fire Will+} for 451 gold pieces
 35686 | Snake:3  | Found Cusaynir's Antique Armour Emporium.
 35896 | Elf:1    | Entered Level 1 of the Elven Halls
 35896 | Elf:1    | Found a runed translucent gate.
 35896 | Elf:1    | Found a runed translucent gate.
 35896 | Elf:1    | Found a runed translucent gate.
 35896 | Elf:1    | Found a runed translucent gate.
 35896 | Elf:1    | Found a runed translucent gate.
 35896 | Elf:1    | Found a runed translucent gate.
 35897 | Elf:1    | Found a runed translucent door.
 35906 | Elf:1    | Found a runed translucent door.
 35936 | Elf:1    | Identified the +4 great mace of Supply {protect, rC++}
 36222 | Elf:1    | Noticed Kirke
 36237 | Elf:1    | Killed Kirke
 36561 | Elf:1    | Reached skill level 5 in Dodging
 36679 | Elf:1    | Got the Thoughts on the Legion
 37017 | Elf:2    | Found a crumbling gateway.
 37034 | Elf:2    | Found Kuujamm's Antique Armour Shoppe.
 37111 | Desolati | Entered the Desolation of Salt
 37156 | Desolati | Reached XP level 19. HP: 144/169 MP: 20/20
 37385 | Desolati | Reached skill level 10 in Dodging
 37816 | Desolati | Identified the amulet of Akhiare {Reflect rPois SH+5}
 37828 | Desolati | Identified the +5 dagger "Paqil" {heavy, rC+ Str+3}
 37971 | Desolati | Got the Papyrus of the Legion
 37982 | Desolati | Got Nyulaax's Tractate on Foggy Shades
 37986 | Desolati | Got the Secrets of Compression
 37991 | Desolati | Got the Lessons on Forces
 37995 | Desolati | Got the Textbook on the Called Volcano
 38000 | Desolati | Got the Guide on the Fair Folk
 38257 | Elf:2    | Found a runed translucent gate.
 38257 | Elf:2    | Found a runed translucent gate.
 38257 | Elf:2    | Found a runed translucent gate.
 38694 | Elf:3    | Entered Level 3 of the Elven Halls
 39013 | Elf:3    | Noticed a Tzitzimitl
 39376 | Elf:3    | Paralysed by an air elemental for 1 turns
 39701 | Elf:3    | Identified the amulet "Mulegi" {Acrobat +Inv rPois Will-}
 39927 | Elf:3    | Identified the staff of Vevereh {rN+ Str+2 Int+3 Dex-2
                  | Conj}
 39934 | Elf:3    | Got the Lectures on Septic Beguiling
 39954 | Elf:3    | Identified the +0 dagger of Ash {antimagic, rPois rC+
                  | Stlth+}
 39956 | Elf:3    | Got the Atlas of Minerals and Despair
 39957 | Elf:3    | Identified the +0 dagger "Imueclycw" {freeze, rF+}
 40010 | Elf:3    | Reached XP level 20. HP: 120/177 MP: 22/22
 40716 | Vaults:1 | Entered Level 1 of the Vaults
 40716 | Vaults:1 | Found Tuidoo's Weapon Emporium.
 42520 | Vaults:2 | Identified the +6 ring mail "Atidi" {Regen+}
 42702 | Vaults:2 | Identified the staff of Pav Caib {rPois rCorr SInv Poison}
 42747 | Vaults:2 | Identified the +8 scale mail "Gacitut" {Int+6}
 42754 | Vaults:2 | Identified the +0 robe of the Squeaky God {rC+ Int-2
                  | Stlth+}
 42806 | Vaults:2 | Found a staircase to the Crypt.
 44045 | Vaults:3 | Found Deibbut's Antique Armour Shoppe.
 44097 | Vaults:3 | Reached XP level 21. HP: 183/183 MP: 23/23
 44420 | Vaults:3 | Identified the scarf of the Vaults {+Inv, rPois Int+3}
 44628 | Vaults:3 | Identified the +3 spear "Onohidghinn" {flame, rCorr Str+6}
 45590 | Vaults:4 | Found a runed translucent door.
 45593 | Vaults:4 | Noticed Ycago's ghost (veteran GrGl)
 46320 | Vaults:4 | Identified the +10 spear of Mayhem {freeze, rC++ Int-3
                  | Dex+3}
 46434 | Vaults:5 | Entered Level 5 of the Vaults
 46486 | Vaults:5 | Identified the ring "Zykilior" {Fire rElec rN+ Str+3 Int-2}
 46520 | Vaults:5 | Noticed an ancient lich
 46523 | Vaults:5 | Killed an ancient lich
 46634 | Vaults:5 | Reached XP level 22. HP: 191/191 MP: 24/24
 46862 | Vaults:5 | Identified the +6 lajatang "Gefirph" {freeze, rF+ Int+5
                  | SInv}
 46937 | Vaults:5 | Identified the staff of the Howling One {rF- rCorr Hexes
                  | Earth}
 46999 | Vaults:5 | Identified the staff "Tijireek" {rF+ Int+3 Conj Fire}
 47073 | Vaults:5 | Got the Atlas of Geomancy and the Comitatus
 47141 | Vaults:5 | Identified the +4 plate armour "Bosoics" {Will+}
 47253 | Vaults:5 | Got a silver rune of Zot
 47666 | Vaults:5 | Bought 2 potions of might for 392 gold pieces
 47846 | Depths:1 | Entered Level 1 of the Depths
 47898 | Depths:1 | Found a gateway to Hell.
 48020 | Depths:1 | Identified the +6 rapier "Iloaz" {heavy, *Rage +Blink rF++
                  | rCorr}
 48591 | Depths:1 | Noticed a golden dragon
 48595 | Depths:1 | Killed a golden dragon
 49064 | Depths:1 | Found Fubbiofa's Jewellery Shoppe.
 49410 | Depths:2 | Noticed a golden dragon
 49424 | Depths:2 | Killed a golden dragon
 49592 | Depths:2 | Identified the +12 mace of Causality {freeze, Str+3}
 50183 | Depths:3 | Reached XP level 23. HP: 198/198 MP: 25/25
 50183 | Depths:3 | Noticed Sojobo
 50194 | Depths:3 | Paralysed by an air elemental for 1 turns
 50203 | Depths:3 | Killed Sojobo
 50261 | Depths:3 | Found a one-way gate to the infinite horrors of the Abyss.
 50376 | Depths:3 | Found a runed translucent door.
 50534 | Depths:3 | Found Worgh's Book Emporium.
 50536 | Depths:3 | Found Mabiwi Hiah's Jewellery Boutique.
 50537 | Depths:3 | Found Meshro's Book Emporium.
 50545 | Depths:3 | Bought the ring of Kulusaxt {^Contam rF+ Will+ rCorr Int+3}
                  | for 439 gold pieces
 50634 | Depths:3 | Noticed Vv
 50910 | Depths:3 | Killed Vv
 51265 | Depths:3 | Found a runed translucent door.
 51265 | Depths:3 | Noticed a caustic shrike
 51278 | Depths:3 | Found the +8 autumn katana {manifold assault}
 51825 | Depths:4 | Entered Level 4 of the Depths
 51935 | Depths:4 | Reached skill level 27 in Shapeshifting
 52109 | Depths:4 | Reached skill level 15 in Fighting
 52466 | Depths:4 | Found a gate to the Realm of Zot.
 52652 | Depths:4 | Found a one-way gateway to a ziggurat.
 52975 | Zig:1    | Entered Level 1 of a ziggurat
 53022 | Zig:2    | Entered Level 2 of a ziggurat
 53025 | Zig:2    | Noticed Vaghuut the pandemonium lord
 53031 | Zig:2    | Killed Vaghuut the pandemonium lord
 53053 | Zig:3    | Entered Level 3 of a ziggurat
 53085 | Zig:4    | Entered Level 4 of a ziggurat
 53118 | Zig:5    | Entered Level 5 of a ziggurat
 53185 | Zig:5    | Identified the staff of Harmony {rC+ Air Earth}
 53199 | Zig:6    | Entered Level 6 of a ziggurat
 53206 | Zig:6    | Noticed a caustic shrike
 53210 | Zig:6    | Killed a caustic shrike
 53240 | Zig:6    | Identified the +1 pair of gloves of the Orb Guardian
                  | {Slay+2}
 53281 | Zot:1    | Entered Level 1 of the Realm of Zot
 53403 | Zot:1    | Reached XP level 24. HP: 108/212 MP: 25/25
 53700 | Zot:2    | Noticed a Killer Klown
 53707 | Zot:2    | Killed a Killer Klown
 53757 | Zot:2    | Noticed a Killer Klown
 53762 | Zot:2    | Killed a Killer Klown
 53784 | Zot:2    | Noticed an orb of fire
 53904 | Zot:1    | Reached XP level 25. HP: 223/223 MP: 25/25
 54057 | Zot:3    | Found the +4 dragonskin cloak
 54057 | Zot:3    | Noticed Tiamat
 54079 | Zot:3    | Killed Tiamat
 54527 | Zot:5    | Entered Level 5 of the Realm of Zot
 54528 | Zot:5    | Noticed an ancient lich
 55030 | Zot:5    | Killed an ancient lich
 55031 | Zot:5    | Noticed an orb of fire
 55043 | Zot:5    | Noticed an orb of fire
 55043 | Zot:5    | Noticed a dread lich
 55043 | Zot:5    | Noticed a Killer Klown
 55043 | Zot:5    | Noticed an orb of fire
 55081 | Zot:5    | Noticed an ancient lich
 55133 | Zot:5    | Killed an orb of fire
 55136 | Zot:5    | Noticed a Killer Klown
 55141 | Zot:5    | Got the Orb of Zot
 55158 | Zot:5    | Killed a Killer Klown
 55181 | Zot:5    | Killed a Killer Klown
 55189 | Zot:5    | Reached skill level 27 in Unarmed Combat
 55673 | D:2      | Noticed Tumnymit the pandemonium lord
 55712 | D:$      | Escaped with the Orb!

Illustrated notes

Levels and vault maps discovered:
D:1:      mushboom_english_gardens, layout_rooms
D:2:      layout_loops_ring, kennysheep_generic_room_7
D:3:      layout_rooms, gammafunk_ghost_smash, nicolae_ecumenical_lake_church
D:4:      layout_gridville, minmay_temple_entry_drinking_statues,
          enter_ossuary_5, uniq_pikel
D:5:      layout_loops_ring, mainiacjoe_overflow_surrounded_room
D:6:      layout_gridville, eino_small_chamber_without_monster, uniq_jeremiah,
          uniq_sigmund
D:7:      layout_loops_ring, nzn_overflow_gifts_of_might_and_magic, uniq_joseph,
          uniq_maggie
D:8:      layout_basic
D:9:      layout_roguey, minitemple, uniq_harold
D:10:     layout_loops_ring, mainiacjoe_overflow_tiny_flanked, lair_entry_dummy,
          minmay_shattered_shrine
D:11:     minmay_diamond_stairs, layout_irregular_city, uniq_maurice
D:12:     layout_loops_corners, uniq_nessos, uniq_nergalle, uniq_josephine
D:13:     layout_basic, serial_demonic, serial_demonic_d, serial_demonic_e,
          serial_demonic_e, serial_demonic_c, serial_demonic_c, serial_shops,
          nicolae_shop_pleasant_corner_grove, uniq_frances, uniq_jorgrun,
          uniq_lodul
D:14:     layout_stronghold, grunt_vaults_entry_tiered, lemuel_blue_sif_altar,
          serial_column_ruins, column_ruins_hut_pillars,
          column_ruins_circle_medium, column_ruins_columns_corner,
          column_ruins_grid_3, column_ruins_grid_1, column_ruins_columns_corner,
          column_ruins_grid_3, column_ruins_corridor_plus, uniq_roxanne
D:15:     gammafunk_depths_entry_grave, layout_rooms,
          nemelex_lonely_heart_becter
Temple:   hellmonk_temple_flake
Lair:1:   layout_chaotic_city, nicolae_lair_lindhole, grunt_megastairs_5
Lair:2:   layout_small_grid, alex1729_snake_entry_snake, wad_woods_road_01,
          minivault_26, nicolae_lair_run_with_the_wolves,
          infiniplex_staircase_pool_2
Lair:3:   layout_hall_layers, alex1729_swamp_entry_worm_eleionoma,
          serial_rivers, chequers_serial_rivers_micro_b,
          chequers_serial_rivers_micro_d, chequers_serial_rivers_marsh,
          chequers_serial_rivers_micro_a, chequers_serial_rivers_room_b,
          uniq_fannar
Lair:4:   hellmonk_ruined_rings, layout_long_grid, dpeg_slime_entry_enclosed,
          grunt_forest_large_clearings, uniq_snorg
Lair:5:   guppyfry_lair_end_dragon, layout_cave_pods, gauntlet_entry_generic,
          infiniplex_staircase_pool
Swamp:1:  layout_falls_marsh, nicolae_swamp_very_dense_foliage,
          nicolae_swamp_decorative_isthmus
Swamp:2:  layout_basic_swamp, nicolae_swamp_tree_isthmus, swamp_pool_1_2
Swamp:3:  layout_basic_swamp, nicolae_swamp_oxbows, swamp_pool_1_2,
          st_swamp_mini
Swamp:4:  swamp_pestilence, layout_basic_swamp, swamp_pool_1_2
Snake:1:  layout_rooms, uniq_aizul
Snake:2:  layout_chambers, serial_shops, nicolae_shop_tiny_statue_garden
Snake:3:  layout_chambers, serial_shops, shop, lemuel_fruit_tree, uniq_mara
Snake:4:  minmay_snake_end_coiled, layout_misc_corridors,
          nicolae_snake_scaly_snakehead
Orc:1:    layout_caves, serial_shops, shop
Orc:2:    pf_orc_diabolical, layout_diamond_mine, uniq_sonja
Elf:1:    nicolae_elf_arrival_dilemma, layout_geoelf_grid,
          minmay_elf_demonology, grunt_megastairs_1, lemuel_upstairs_altar,
          uniq_kirke
Elf:2:    elven_hall_of_blades_hangedman_original
          [nicolae_blade_entry_hurt_lockers], layout_loops_ring,
          portal_desolation_entry_nicolae_slug, serial_shops, shop,
          portal_ice_cave_entry_ice_statue_one
Elf:3:    minmay_elf_hall_curves, layout_rooms, grunt_ministairs_9
Vaults:1: nicolae_vaults_wine_cellar, nicolae_vaults_tetromino_Z_2,
          nicolae_vaults_layer_cake_slice, grunt_vaults_funnel,
          vaults_dpeg_emergency_exit, nicolae_vaults_cochlea,
          nicolae_vaults_closet_pinwheel_4, v_rooms_3,
          nicolae_vaults_trapezoid_2, vaults_dpeg_spiral,
          layout_vaults_omnigrid, serial_shops,
          nicolae_shop_bloodbath_and_beyond
Vaults:2: v_misc_1, nicolae_vaults_cochlea, blue_anna_dwarven_crypt,
          grunt_vaults_diagonal, vaults_mumra_hexcomb, vaults_room_pools,
          nicolae_vaults_disjoint_gnomons,
          nicolae_vaults_storing_the_good_stuff, v_alt_pattern_2,
          nicolae_vaults_sightless_eye, nicolae_vaults_doubleplus_tesselated,
          layout_vaults_omnicross
Vaults:3: nicolae_vaults_diamond_2, vaults_dpeg_encased_lava, v_alt_pattern_2,
          nicolae_vaults_hallways_thing, hangedman_vaults_stream,
          nicolae_vaults_mini_display_case, nicolae_vaults_border_crossing,
          vaults_mumra_hex, nicolae_vaults_trapezoid_2,
          layout_vaults_chaotic_city, serial_shops, shop, uniq_margery
Vaults:4: hellmonk_ghost_big_iron, hangedman_vaults_cutoff, st_eye, v_rooms_5,
          nicolae_vaults_trapezoid_lopsided_2, nicolae_vaults_steering_wheel,
          nicolae_vaults_house_2, nicolae_vaults_sesquioval_fish,
          nicolae_vaults_windows_and_doors_thing, hangedman_vaults_stagger,
          v_misc_17, nicolae_vaults_little_squares_5, vaults_room_hallway,
          layout_vaults_ring
Vaults:5: serial_shops
Depths:1: minmay_box_of_curves, layout_basic, hangedman_abyss_or_decor_clamps,
          hell_entry, serial_shops, nicolae_shop_gaudy_bauble,
          patterned_corridor
Depths:2: cheibrodos_lost_city_excavation, layout_basic, grunt_pan_entry_spiral,
          hell_entry, serial_sigils_hangedman_carve
Depths:3: minmay_the_grid_triangle_9x9_recursive_2
          [minmay_the_grid_triangle_9x9_prize_center,
          minmay_the_grid_triangle_9x9_tough_junction,
          minmay_the_grid_triangle_9x9_steps,
          minmay_the_grid_triangle_9x9_windchime], layout_basic, abyss_entry,
          hangedman_geh_valley, minmay_staircase_bubble, minmay_shop_grove,
          uniq_vv, uniq_sojobo
Depths:4: grunt_zot_entry_pinwheel, layout_long_grid, enter_ziggurat_b,
          pan_entry, abyss_entry, grunt_hell_entry_dis_grunt,
          corexii_leaking_fountain, infiniplex_staircase_pool_lava
Zot:1:    layout_onion, hangedman_zot_decor_slant, st_single_dragon_hoard_3,
          regret_index_zotdec_under_construction
Zot:2:    dreamdust_zin_vs_xom, layout_basic, grunt_megastairs_4
Zot:3:    layout_concentric_octagons, regret_index_zotdec_zees, uniq_tiamat
Zot:4:    layout_gridlike
Zot:5:    layout_cellular_growth

Skill      XL: |  1  2  3  4  5  6  7  8  9 10 11 12 13 14 15 16 17 18 19 20 21 22 23 24 25 |
---------------+----------------------------------------------------------------------------+-----
Unarmed Combat | 3 4 7 10 12 14 16 18 19 20 22 24 25 26 27 | 27.0
Shapeshifting  | 2 3 5 7 10 11 13 15 16 19 20 22 23 24 25 26 27 | 27.0
Fighting       | 7 9 10 13 14 16 17 19 | 19.6
Dodging        | 8 13 14 | 14.2
Shields        | |  3.0

Action                     |  1- 3 |  4- 6 |  7- 9 | 10-12 | 13-15 | 16-18 | 19-21 | 22-24 | 25-27 || total
---------------------------+-------+-------+-------+-------+-------+-------+-------+-------+-------++-------
  Melee: Unarmed           |   128 |   187 |   173 |   505 |   975 |  1128 |   823 |   729 |   184 ||  4832
         Tailslap          |    17 |    31 |       |       |       |   125 |       |       |       ||   173
         Constrict         |       |       |    39 |   105 |   199 |    10 |       |       |       ||   353
         Punch             |       |       |       |       |       |    23 |    93 |   127 |    34 ||   277
 Invoke: Call Merchant     |       |       |       |     1 |     3 |     3 |       |     1 |       ||     8
         Potion Petition   |       |       |       |       |       |     1 |     2 |     2 |     1 ||     6
         Bribe Branch      |       |       |       |       |       |       |     1 |       |     1 ||     2
Ability: Blinkbolt         |       |       |       |       |       |     2 |    13 |     9 |     2 ||    26
  Evoke: Wand              |       |       |       |    25 |     8 |       |       |       |       ||    33
         Lightning rod     |       |       |       |     5 |    13 |     2 |       |       |       ||    20
         Phantom mirror    |       |       |       |       |     2 |     2 |     1 |       |       ||     5
         Phial of floods   |       |       |       |       |     2 |       |       |       |       ||     2
    Use: Scroll            |       |     2 |    12 |    17 |     8 |    13 |     5 |     4 |     7 ||    68
         Potion            |       |     3 |     3 |     7 |    10 |     3 |     7 |     7 |     4 ||    44
   Stab: Sleeping          |       |     1 |       |     1 |     1 |       |     1 |       |       ||     4
         Invisible         |       |       |       |     9 |     4 |     2 |       |     4 |       ||    19
         Distracted        |       |       |       |       |     3 |     9 |    14 |     5 |       ||    31
 Armour: Skin              |    54 |    66 |    97 |   283 |   595 |  1392 |   209 |   208 |    37 ||  2941
  Dodge: Dodged            |    69 |   132 |    98 |   319 |   525 |   810 |   724 |   663 |   182 ||  3522
  Block: Buckler           |    30 |    41 |       |       |       |   253 |       |       |       ||   324
   Form: Serpent           |       |     1 |       |       |       |       |       |       |       ||     1
         Statue            |       |       |       |       |       |     1 |       |       |       ||     1
         Storm             |       |       |       |       |       |     1 |       |       |       ||     1

Table legend: (Time is in decaauts)
 A = Elapsed time spent in this place.
 B = Non-inter-level travel time spent in this place.
 C = Inter-level travel time spent in this place.
 D = Time resting spent in this place.
 E = Time spent auto-exploring this place.
 F = Levels seen in this place.
 G = Mean time per level.
                   A        B        C        D        E       F      G
               +--------+--------+--------+--------+--------+-----+--------+
         Total |  58600 |  54018 |   4582 |   6734 |  36800 |  57 | 1028.1 |
       Dungeon |  18503 |  16570 |   1933 |   2579 |  11288 |  15 | 1233.5 |
        Temple |      1 |      1 |      0 |      0 |      0 |   1 |    1.0 |
          Lair |   6016 |   5577 |    439 |    451 |   4011 |   5 | 1203.2 |
         Swamp |   5172 |   4930 |    242 |    858 |   3196 |   4 | 1293.0 |
     Snake Pit |   5081 |   4872 |    209 |    199 |   3736 |   4 | 1270.2 |
  Orcish Mines |   4268 |   4048 |    220 |   1100 |   2065 |   2 | 2134.0 |
   Elven Halls |   3512 |   3066 |    446 |    443 |   1933 |   3 | 1170.7 |
        Vaults |   6849 |   6486 |    363 |    142 |   5384 |   5 | 1369.8 |
        Depths |   5048 |   4797 |    251 |    220 |   3776 |   4 | 1262.0 |
           Zot |   1831 |   1356 |    475 |    404 |    367 |   5 |  366.2 |
      Ziggurat |    218 |    218 |      0 |      0 |    120 |   6 |   36.3 |
       Ossuary |    379 |    379 |      0 |     64 |     86 |   1 |  379.0 |
    Desolation |    968 |    968 |      0 |     41 |    662 |   1 |  968.0 |
      Gauntlet |    749 |    749 |      0 |    233 |    175 |   1 |  749.0 |
               +--------+--------+--------+--------+--------+-----+--------+

Top non-repeatable levels by time:
   Orc:2: 2971 daAuts
    D:14: 2538 daAuts
 Swamp:1: 1836 daAuts
    D:10: 1822 daAuts
   Elf:3: 1743 daAuts
 Snake:2: 1685 daAuts
  Lair:2: 1685 daAuts
    D:12: 1678 daAuts
Depths:3: 1585 daAuts
Vaults:3: 1513 daAuts
    D:11: 1490 daAuts
 Snake:4: 1487 daAuts
Vaults:4: 1432 daAuts
    D:15: 1414 daAuts
Vaults:2: 1404 daAuts
